 Dungeon Crawl Stone Soup version 0.17-b1-25-g6d8775f (webtiles) character file.

9174 tap556 the Basher (level 11, 0/153 HPs)
             Began as a Minotaur Berserker on Nov 5, 2015.
             Was the Champion of Trog.
             Slain by an orc warlord
             ... wielding a +0 bardiche
              (22 damage)
             ... on level 2 of the Orcish Mines.
             The game lasted 00:51:39 (10599 turns).

tap556 the Basher (Minotaur Berserker)             Turns: 10599, Time: 00:51:39

Health: 0/153      AC: 20    Str: 26    XL:     11   Next: 19%
Magic:  3/3        EV: 12    Int:  4    God:    Trog [******]
Gold:   1033       SH:  0    Dex: 14    Spells: 0 memorised, 10 levels left

rFire  . . .     SeeInvis .     V - +4 executioner's axe (antimagic)
rCold  . . .     Clarity  .     I - +2 plate armour
rNeg   . . .     SustAt   .     (shield currently unavailable)
rPois  .         Gourm    .     (helmet restricted)
rElec  .         Spirit   .     A - +2 cloak {+Inv}
rCorr  .         Warding  .     (no gloves)
rMut   .         Stasis   .     (no boots)
MR     .....                    y - amulet of faith
Stlth  ..........               C - +4 ring of protection
                                d - +4 ring of evasion

@: berserking, very quick, not resistant to hostile enchantments, extremely
unstealthy
A: retaliatory headbutt, horns 2
a: Berserk, Trog's Hand, Brothers in Arms, Burn Spellbooks, Renounce Religion,
Evoke Invisibility


You were on level 2 of the Orcish Mines.
You worshipped Trog.
Trog was exalted by your worship.
You were not hungry.

You visited 2 branches of the dungeon, and saw 12 of its levels.

You collected 1033 gold pieces.

Inventory:

Hand Weapons
 g - a +0 shortbow
 h - a +3 flail of venom
 l - a +2 whip of flaming
 q - a +0 hand axe of freezing
 O - the +10 hand crossbow of Disarray {velocity, MR+ Str-5 Dex+6}
   (Trog gifted it to you on level 8 of the Dungeon)

   Any bolt fired from it inflicts extra damage.
   It affects your strength (-5).
   It affects your dexterity (+6).
   It affects your resistance to hostile enchantments.
 V - a +4 antimagic executioner's axe (weapon)
 Y - a +2 battleaxe
Missiles
 j - 51 poisoned needles
 v - 20 tomahawks (quivered)
 B - 14 javelins
 Q - 25 poisoned arrows
 T - 3 javelins of returning
 X - 34 bolts
Armour
 A - a +2 cloak of invisibility (worn)
 G - a +3 buckler
 I - a +2 plate armour (worn)
Jewellery
 d - a +4 ring of evasion (left hand)
 o - an uncursed amulet of guardian spirit
 r - an uncursed ring of see invisible
 t - an uncursed ring of ice
 y - an amulet of faith (around neck)
 z - an uncursed ring of poison resistance
 C - a +4 ring of protection (right hand)
 D - an uncursed amulet of resist mutation
 P - an uncursed ring of protection from fire
Wands
 u - a wand of invisibility (9)
 E - a wand of magic darts (40)
 S - a wand of flame (27)
Scrolls
 f - 4 scrolls of teleportation
 m - a scroll of fog
 s - 6 scrolls of remove curse
 F - a scroll of magic mapping
 M - a scroll of silence
Potions
 a - a potion of magic {unknown}
 b - 2 potions of brilliance
 e - a potion of might {unknown}
 i - 3 potions of curing
 k - a potion of beneficial mutation {unknown}
 n - a potion of degeneration {unknown}
 p - a potion of cancellation {unknown}
 w - a potion of lignification {unknown}
 x - 4 potions of haste
 J - 2 potions of invisibility
 K - a potion of berserk rage {unknown}
 L - a potion of mutation {unknown}
 R - a potion of resistance {unknown}
 U - 4 potions of heal wounds
 W - 2 potions of poison {unknown}
Comestibles
 c - 12 bread rations
 H - 3 meat rations
 N - a chunk of flesh


   Skills:
 - Level 11.0 Fighting
 - Level 10.0(12.9) Axes
 - Level 13.3(14.4) Maces & Flails
 + Level 0.9 Crossbows
 + Level 2.8 Armour
 - Level 2.2 Dodging
 - Level 6.6 Shields


You had 10 spell levels left.
You didn't know any spells.

Dungeon Overview and Level Annotations

Branches:
Dungeon (10/15)            Temple (0/1) D:4            Lair (0/8) D:10
    Orc (2/4) D:9

Altars:
Trog
The Shining One


Innate Abilities, Weirdness & Mutations

You reflexively headbutt those who attack you in melee.
You have a pair of horns on your head.


Message History

You fail to use your ability.
A red film seems to cover your vision as you go berserk!
You feel yourself moving faster!
You feel mighty!
You feel somewhat more hungry. The orc warlord barely misses you.
You slash the orc warlord!
The orc warlord is lightly wounded.
The orc warlord hits you with a bardiche!
* * * LOW HITPOINT WARNING * * *
You closely miss the orc warlord.
The orc warlord is lightly wounded.
Your plate armour prevents you from hitting the orc warlord.
The orc warlord is lightly wounded.
The orc warlord misses you.
You closely miss the orc warlord.
The orc warlord is lightly wounded.
You slice the orc warlord!!
You headbutt the orc warlord, but do no damage.
The orc warlord is moderately wounded.
The orc warlord hits you with a bardiche!!
You die...

..))).........#
...)><...)....#
....[.#..).).##
...[.....)[)##
...........##
...........#
.........###############
.......#.#..[[).........
.........'...[..@o......
..#..#.#.#..)...........
.##...##################
####.## ## ### .# ## .#
##


You could see an orc warlord.

Vanquished Creatures
  A hydra (D:8)
  Pikel (D:4)
  An ugly thing (D:10)
  A centaur zombie (D:10)
  A gargoyle (D:10)
  A komodo dragon (D:10)
  Sigmund (D:6)
  2 wyverns
  A spriggan (D:9)
  2 hippogriffs
  Eustachio (D:4)
  3 hungry ghosts
  Menkaure (D:6)
  Edmund (D:4)
  Duvessa (D:4)
  7 orc warriors
  3 sky beasts
  5 ice beasts
  A phantom (D:7)
  A slave (D:4)
  A centaur (D:5)
  3 ogres
  4 big kobolds (D:4)
  Blork the orc (D:6)
  A gnoll sergeant (D:5)
  Dowan (D:4)
  4 giant frogs
  3 scorpions
  A killer bee (D:10)
  10 wights
  6 orc priests
  A quasit (D:10)
  4 crimson imps
  A giant frog zombie (D:6)
  A jelly (D:6)
  Crazy Yiuf (D:7)
  10 orc wizards
  2 centaur skeletons
  4 hounds
  Terence (D:2)
  7 iguanas
  4 giant frog skeletons
  7 worker ants
  A hound zombie (D:9)
  2 worker ant zombies
  Robin (D:4)
  13 adders
  12 gnolls
  4 adder skeletons
  2 worms
  6 giant geckos
  94 orcs
  2 ball pythons
  17 goblins
  13 hobgoblins
  14 jackals
  A ball python skeleton (D:4)
  3 bats
  3 giant cockroaches
  A giant gecko skeleton (D:6)
  6 giant newts
  42 kobolds
  3 quokkas
  A quokka skeleton (D:5)
  8 rats
  A plant (D:10)
364 creatures vanquished.

Vanquished Creatures (others)
  A slave (D:4)
  An orc wizard (D:4)
  2 orcs (D:4)
  3 kobolds (D:4)
  2 plants (D:10)
9 creatures vanquished.

Grand Total: 373 creatures vanquished

Notes
Turn   | Place    | Note
--------------------------------------------------------------
     0 | D:1      | tap556 the Minotaur Berserker began the quest for the Orb.
     0 | D:1      | Reached XP level 1. HP: 19/19 MP: 0/0
    75 | D:1      | Reached skill level 4 in Axes
   111 | D:1      | Reached XP level 2. HP: 17/27 MP: 1/1
   642 | D:1      | Reached ** piety under Trog
   642 | D:1      | Reached skill level 5 in Axes
   668 | D:1      | Reached XP level 3. HP: 33/33 MP: 2/2
   970 | D:2      | Reached XP level 4. HP: 40/40 MP: 3/3
  1061 | D:2      | Noticed Terence
  1073 | D:2      | Killed Terence
  1073 | D:2      | Reached skill level 6 in Axes
  1817 | D:3      | Reached skill level 7 in Axes
  1817 | D:3      | Reached XP level 5. HP: 37/46 MP: 4/4
  2538 | D:4      | Noticed Edmund
  2553 | D:4      | Killed Edmund
  2553 | D:4      | Reached XP level 6. HP: 52/52 MP: 5/5
  2594 | D:4      | Noticed Robin
  2602 | D:4      | Killed Robin
  2626 | D:4      | Found a staircase to the Ecumenical Temple.
  2646 | D:4      | Reached skill level 8 in Axes
  2890 | D:4      | Noticed Duvessa
  2890 | D:4      | Noticed Dowan
  2898 | D:4      | Killed Duvessa
  2898 | D:4      | Reached XP level 7. HP: 58/58 MP: 6/6
  2905 | D:4      | Killed Dowan
  2905 | D:4      | Reached *** piety under Trog
  2908 | D:4      | Noticed a sky beast
  2935 | D:4      | Killed a sky beast
  2935 | D:4      | Reached skill level 9 in Axes
  2935 | D:4      | Reached skill level 5 in Shields
  3103 | D:4      | Noticed a slave
  3104 | D:4      | Noticed Pikel
  3108 | D:4      | Noticed a slave
  3108 | D:4      | Noticed a slave
  3112 | D:4      | Noticed a slave
  3122 | D:4      | Killed a slave
  3125 | D:4      | Killed Pikel
  3125 | D:4      | Reached skill level 10 in Axes
  3125 | D:4      | Reached XP level 8. HP: 29/66 MP: 7/7
  3266 | D:4      | Killed a freed slave
  3314 | D:4      | Reached skill level 1 in Maces & Flails
  3368 | D:4      | Found a glowing golden altar of the Shining One.
  3466 | D:4      | Noticed Eustachio
  3520 | D:4      | Killed Eustachio
  3526 | D:4      | Reached skill level 5 in Maces & Flails
  3604 | D:4      | Reached **** piety under Trog
  4170 | D:4      | You fall through a shaft for 3 floors!
  4229 | D:7      | Reached XP level 9. HP: 69/71 MP: 8/8
  4335 | D:7      | Reached ***** piety under Trog
  4440 | D:5      | Entered Level 5 of the Dungeon
  4528 | D:6      | Noticed Menkaure
  4537 | D:6      | Killed Menkaure
  4973 | D:6      | Noticed Blork the orc
  4980 | D:6      | Killed Blork the orc
  4980 | D:6      | Reached skill level 10 in Maces & Flails
  5467 | D:5      | Reached skill level 11 in Maces & Flails
  5943 | D:6      | Noticed Sigmund
  5956 | D:6      | Killed Sigmund
  6352 | D:7      | Reached skill level 12 in Maces & Flails
  6431 | D:7      | Noticed Crazy Yiuf
  6438 | D:7      | Killed Crazy Yiuf
  7014 | D:7      | Reached XP level 10. HP: 78/78 MP: 9/9
  7167 | D:8      | Received a gift from Trog
  7420 | D:8      | Noticed a six-headed hydra
  7430 | D:8      | Killed a six-headed hydra
  7430 | D:8      | Reached skill level 13 in Maces & Flails
  7775 | D:8      | Reached skill level 5 in Fighting
  7800 | D:8      | Received a gift from Trog
  7801 | D:8      | Got a warped hand crossbow {god gift}
  7806 | D:8      | Identified the +10 hand crossbow of Disarray {velocity, MR+ Str-5 Dex+6} (Trog gifted it to you on level 8 of the Dungeon)
  8367 | D:9      | Found a staircase to the Orcish Mines.
  8759 | D:9      | Received a gift from Trog
  8797 | D:9      | Found a bloodstained altar of Trog.
  9238 | D:10     | Entered Level 10 of the Dungeon
  9484 | D:10     | Reached skill level 10 in Fighting
  9498 | D:10     | Found a staircase to the Lair.
  9511 | D:10     | Reached XP level 11. HP: 97/100 MP: 10/10
  9597 | D:10     | Noticed a brown ugly thing
  9615 | D:10     | Killed a brown ugly thing
 10163 | Orc:1    | Entered Level 1 of the Orcish Mines
 10169 | Orc:1    | Reached ****** piety under Trog
 10564 | Orc:2    | Received a gift from Trog
 10588 | Orc:2    | Noticed an orc warlord
 10599 | Orc:2    | Slain by an orc warlord

Action                   |  1- 3 |  4- 6 |  7- 9 | 10-12 || total
-------------------------+-------+-------+-------+-------++-------
Melee: Hand axe          |    44 |    86 |    44 |       ||   174
       Flail             |       |       |   312 |   320 ||   632
       Unarmed           |       |       |       |    38 ||    38
       Executioner's axe |       |       |       |     7 ||     7
Throw: Stone             |     9 |    16 |       |       ||    25
       Javelin           |       |    18 |    10 |     6 ||    34
       Tomahawk          |       |       |    24 |    82 ||   106
Invok: Berserk           |       |     2 |     1 |     2 ||     5
       Trog's Hand       |       |     1 |     1 |       ||     2
       Burn Spellbooks   |       |       |     1 |       ||     1
  Use: Scroll            |     2 |     5 |    18 |     4 ||    29
 Stab: Sleeping          |     1 |       |       |       ||     1
  Eat: Chunk             |       |     5 |    10 |     6 ||    21
       Pizza             |       |     1 |     3 |       ||     4
       Beef jerky        |       |     1 |     1 |       ||     2
       Fruit             |       |       |       |     5 ||     5
       Meat ration       |       |       |       |     1 ||     1
